 Dungeon Crawl Stone Soup version 0.29-a0-275-g389c0b56f3 (webtiles) character file.

Game seed: 5867182906251984594

17 sanka the Ducker (level 2, 26/29 HPs)
             Began as a Gnoll Monk on Mar 11, 2022.
             Was a Believer of Kikubaaqudgha.
             Quit the game on level 1 of the Dungeon.
             The game lasted 00:01:24 (495 turns).

sanka the Ducker (Gnoll Monk)                        Turns: 495, Time: 00:01:24

Health: 26/29      AC:  2    Str: 10    XL:     2   Next: 62%
Magic:  2/2        EV: 15    Int:  9    God:    Kikubaaqudgha [**....]
Gold:   27         SH:  0    Dex: 14    Spells: 2/2 levels left

rFire   . . .      SeeInvis .   a - +0 war axe
rCold   . . .      Faith    .   (no shield)
rNeg    . . .      Spirit   .   b - +0 robe
rPois   .          Reflect  .   (no helmet)
rElec   .          Harm     .   (no cloak)
rCorr   .          Rampage  .   (no gloves)
Will    .....                   (no boots)
Stlth   +++.......              (no amulet)
HPRegen 0.09/turn               (no ring)
MPRegen 0.08/turn               (no ring)

@: no status effects
A: fangs 1, strong nose, distributed training
a: Renounce Religion, Receive Corpses


You were on level 1 of the Dungeon.
You worshipped Kikubaaqudgha.
Kikubaaqudgha was pleased with you.
You visited 1 branch of the dungeon, and saw 1 of its levels.

You collected 27 gold pieces.


Innate Abilities, Weirdness & Mutations

You have very sharp teeth.
Your uncanny sense of smell can sniff out nearby items.
Your experience applies equally to all skills.


   Skills:
 + Level 6.5 Fighting
 + Level 0.5 Short Blades
 + Level 0.5 Long Blades
 + Level 6.5 Axes
 + Level 0.5 Maces & Flails
 + Level 0.5 Polearms
 + Level 0.5 Staves
 + Level 0.5 Slings
 + Level 0.5 Bows
 + Level 0.5 Crossbows
 + Level 0.5 Throwing
 + Level 0.5 Armour
 + Level 6.5 Dodging
 + Level 4.1 Stealth
 + Level 0.5 Shields
 + Level 0.5 Unarmed Combat
 + Level 0.5 Spellcasting
 + Level 0.3 Conjurations
 + Level 0.3 Hexes
 + Level 0.3 Summonings
 + Level 0.3 Necromancy
 + Level 0.3 Translocations
 + Level 0.3 Transmutations
 + Level 0.3 Fire Magic
 + Level 0.3 Ice Magic
 + Level 0.3 Air Magic
 + Level 0.3 Earth Magic
 + Level 0.3 Poison Magic
 + Level 0.6 Invocations
 + Level 0.5 Evocations


You had 2 spell levels left.
You didn't know any spells.
Your spell library contained the following spells:

 Spells                   Type           Power      Damage    Failure   Level
 Animate Skeleton         Necr           0%         N/A       34%         1
 Slow                     Hex            0%         N/A       34%         1
 Sublimation of Blood     Necr           0%         N/A       45%         2
 Confusing Touch          Hex            0%         N/A       71%         3
 Vampiric Draining        Necr           0%         2d6       71%         3
 Agony                    Necr           0%         N/A       100%        5

Inventory:

Hand Weapons
 a - a +0 war axe (weapon)
Armour
 b - a +0 robe (worn)
Scrolls
 d - a scroll of teleportation {unknown}
 e - a scroll of identify {unknown}
Potions
 c - a potion of ambrosia
 f - a potion of mutation {unknown}

Dungeon Overview and Level Annotations

Branches:
Dungeon (1/15)

Altars:
Kikubaaqudgha

.▒.▒ ▒▒.▒..g. ▒▒ ▒.. .▒..
..▒....▒▒ .. ▒.. .▒▒▒▒ ▒..J▒...▒
▒▒.▒▒▒ ▒.. .▒ ▒▒▒...▒.▒
▒.....▒▒▒▒▒▒▒ .▒ ▒.▒
▒▒.▒.▒.▒.▒.▒.▒ ▒▒▒▒▒▒▒▒▒▒▒▒▒^▒
▒.▒.▒.▒.▒.▒.▒. ...........▒▒.▒
▒▒▒▒.▒.≈≈≈≈≈.▒.▒
.....▒▒▒▒▒....▒▒▒....▒.▒≈.<.≈▒.▒.
.....▒ ▒.....†g...▒ ▒.≈...≈.▒)▒
.....▒ ▒.▒▒▒▒▒▒†.£.▒.▒≈...≈▒.▒.
.....▒ ▒.▒ ▒▒.▒.▒.≈≈≈≈≈.▒.▒
▒▒▒▒▒▒ ▒.▒ .▒.▒.▒.▒.▒.▒. ▒.▒
▒.▒.▒.▒.▒.▒.▒ ▒.▒ ▒...▒▒▒▒▒▒▒▒.
▒.▒▒▒▒▒▒▒▒ ▒▒.▒ ▒.
▒▒▒▒▒▒▒▒▒▒.▒.......▒▒▒.▒ ▒.
.........).......▒......▒▒▒▒▒▒▒▒.


There were no monsters in sight!


Message History

You kill the giant cockroach!
Kikubaaqudgha accepts your kill.
Unknown command.
You see here a giant cockroach corpse.
Unknown command.
The ball python hisses angrily.
The ball python misses you. The ball python grabs you.
The ball python constricts you.
Unknown command.
You closely miss the ball python.
The ball python bites you but does no damage.
The ball python constricts you.
The ball python bites you but does no damage.
The ball python constricts you.
You closely miss the ball python. Your bite misses the ball python.
The ball python bites you but does no damage.
The ball python constricts you.
You closely miss the ball python. The ball python closely misses you.
The ball python constricts you. The ball python bites you.
The ball python constricts you.
You hit the ball python.
You kill the ball python!
Kikubaaqudgha accepts your kill.
No target in view!
No target in view!
Are you sure you want to abandon this character and quit the game? (Confirm with "yes".)

Action                   || total
-------------------------++-------
Melee: Hand axe          ||    11
       War axe           ||    16
       Bite              ||     1
 Stab: Sleeping          ||     3
Armor: Robe              ||     6
Dodge: Dodged            ||    14

Levels and vault maps discovered:
D:1:      ncdulo_watergridlock, layout_loops_cross,
          dreamdust_ecumenical_altar_statues

Notes
Turn   | Place    | Note
-------+----------+-------------------------------------------
     0 | D:1      | sanka the Gnoll Monk began the quest for the Orb.
     0 | D:1      | Reached XP level 1. HP: 23/23 MP: 1/1
   249 | D:1      | Reached XP level 2. HP: 29/29 MP: 2/2
   431 | D:1      | Found a faded altar of an unknown god.
   467 | D:1      | Prayed at the altar of an unknown god.
   467 | D:1      | Became a worshipper of Kikubaaqudgha
   467 | D:1      | Reached * piety under Kikubaaqudgha
   467 | D:1      | Received a gift from Kikubaaqudgha
   467 | D:1      | Reached ** piety under Kikubaaqudgha
   495 | D:1      | Quit the game

Vanquished Creatures
  2 dart slugs (D:1)
  A bat (D:1)
  An endoplasm (D:1)
  2 giant cockroaches (D:1)
  A goblin (D:1)
  A jackal (D:1)
  A kobold (D:1)
  A quokka (D:1)
  A ball python (D:1)
11 creatures vanquished.
